 Dungeon Crawl Stone Soup version 0.17-a0-186-g8d083fd (webtiles) character file.

138354 xeno23 the Stormcaller (level 16, -1/158 HPs)
             Began as a Black Draconian Wizard on Mar 25, 2015.
             Was the Champion of Vehumet.
             Slain by a tentacle (23 damage)
             ... attached to a kraken
             ... on level 3 of the Shoals on Mar 26, 2015.
             The game lasted 07:03:28 (40021 turns).

xeno23 the Stormcaller (Black Draconian Wizard)    Turns: 40021, Time: 07:03:29

Health: -1/158     AC: 23    Str: 17    XL:     16   Next: 71%
Magic:  0/36       EV: 19    Int: 30    God:    Vehumet [******]
Gold:   530        SH:  0    Dex: 14    Spells: 11 memorised, 6 levels left

rFire  + . .     SeeInvis .     e - +0 glaive (protect)
rCold  + . .     Clarity  .     (armour unavailable)
rNeg   . . .     SustAb   .     (no shield)
rPois  .         Gourm    .     N - +2 hat
rElec  +         Spirit   .     W - +2 cloak
rCorr  +         Warding  .     R - +2 pair of gloves
rMut   .         Stasis   .     J - +0 pair of boots of the Salamander {Str+7 Slay-3}
MR     ++...                    G - amulet of Blumew {rCorr rC+}
Stlth  ++........               j - ring "Qiasuos" {rF+ MR+ Str+2 Int+3 Dex+3} (curse)
                                u - +3 ring of intelligence

@: flying, very slightly contaminated, repel missiles, very resistant to hostile
enchantments, unstealthy
A: breathe lightning, able to fly continuously, unfitting armour, big wings,
regeneration 1, robust 1, electricity resistance, weak 1, cold-blooded, AC +9
a: Breathe Lightning, Stop Flying, Renounce Religion


You were on level 3 of the Shoals.
You worshipped Vehumet.
Vehumet was exalted by your worship.
You were hungry.

You visited 5 branches of the dungeon, and saw 32 of its levels.
You also visited: Sewer.

You collected 2964 gold pieces.
You spent 2434 gold pieces at shops.

Inventory:

Hand weapons
 e - a +0 glaive of protection (weapon)
 M - a +0 dagger of distortion
Missiles
 T - 3 javelins (quivered)
Armour
 J - the +0 pair of boots of the Salamander (worn) {Str+7 Slay-3}
   (You acquired it on level 6 of the Lair of Beasts)

   It affects your strength (+7).
   It affects your accuracy and damage with ranged weapons and melee attacks
   (-3).
 N - a +2 hat (worn)
 R - a +2 pair of gloves (worn)
 W - a +2 cloak (worn)
Jewellery
 c - an uncursed ring of protection from magic
 j - the cursed ring "Qiasuos" (right hand) {rF+ MR+ Str+2 Int+3 Dex+3}
   (You bought it in a shop on level 4 of the Orcish Mines)

   [ring of dexterity]

   It affects your strength (+2).
   It affects your intelligence (+3).
   It affects your dexterity (+3).
   It protects you from fire.
   It affects your resistance to hostile enchantments.
   It has a curse placed upon it.
 u - a +3 ring of intelligence (left hand)
 G - an amulet of Blumew (around neck) {rCorr rC+}
   (You found it on level 4 of the Dungeon)

   [amulet of resist corrosion]

   It protects you from acid and corrosion.
   It protects you from cold.
Magical devices
 g - a wand of teleportation (4)
 n - a wand of digging (18)
 V - a wand of fire (5)
Scrolls
 f - 5 scrolls of teleportation
 h - 16 scrolls of remove curse
 k - 6 scrolls of recharging
 m - 9 scrolls of blinking
 q - 10 scrolls of fog
 t - 4 scrolls of immolation
 y - 4 scrolls of enchant weapon
 B - a scroll of summoning
 C - 7 scrolls of enchant armour
 I - 7 scrolls of magic mapping
 O - 2 scrolls of identify
 P - a scroll of holy word
 S - 5 scrolls of amnesia
 U - a scroll of fear
Potions
 b - a potion of cancellation
 i - 3 potions of magic
 l - 4 potions of agility
 p - 4 potions of might
 r - 6 potions of restore abilities
 s - 4 potions of invisibility
 v - 9 potions of curing
 w - 10 potions of brilliance
 x - 2 potions of ambrosia
 z - 2 potions of resistance
 E - 5 potions of haste
 H - 2 potions of heal wounds
Comestibles
 d - 14 bread rations
 A - 10 meat rations
 F - 22 fruits


   Skills:
 + Level 13.5 Fighting
 - Level 10.3 Polearms
 + Level 11.4 Dodging
 - Level 2.9 Stealth
 * Level 13.5 Spellcasting
 * Level 10.6 Conjurations
 - Level 2.2 Hexes
 - Level 3.3 Charms
   Level 2.6 Summonings
 - Level 2.3 Necromancy
 - Level 2.6 Translocations
 - Level 3.0 Fire Magic
 * Level 15.0 Air Magic


You had 6 spell levels left.
You knew the following spells:

 Your Spells              Type           Power        Failure   Level  Hunger
a - Magic Dart            Conj           ####         1%          1    None
b - Blink                 Tloc           N/A          1%          2    None
c - Conjure Ball Lightni  Conj/Air       #######...   1%          6    ####...
d - Conjure Flame         Conj/Fire      ######..     1%          3    None
e - Mephitic Cloud        Conj/Pois/Air  ######..     1%          3    None
f - Sticky Flame          Conj/Fire      ######..     1%          4    None
q - Lightning Bolt        Conj/Air       #######...   1%          5    None
r - Repel Missiles        Chrm/Air       ######       1%          2    None
t - Regeneration          Chrm/Necr      #####.....   2%          3    None
v - Spectral Weapon       Hex/Chrm       #####...     2%          3    None
w - Airstrike             Air            #######...   1%          4    None


Dungeon Overview and Level Annotations

Branches:
Dungeon (15/15)            Temple (1/1) D:6            Lair (8/8) D:11
 Shoals (4/5) Lair:4        Snake (0/5) Lair:3        Slime (0/6) Lair:8
    Orc (4/4) D:9             Elf (0/3) Orc:4        Vaults (0/5) D:14
 Depths (0/5) D:15

Altars:
Ashenzari
Cheibriados
Dithmenos
Elyvilon
Fedhas
Gozag
Kikubaaqudgha
Makhleb
Nemelex Xobeh
Okawaru
Qazlal
Ru
Sif Muna
Trog
Vehumet
Xom
Yredelemnul
Zin
The Shining One
Beogh
Jiyva

Shops:
D:7 (=}:%   D:9 !   D:10 ?   Orc:4 ??=**


Innate Abilities, Weirdness & Mutations

You can breathe wild blasts of lightning.
You can fly continuously.
Your glossy black scales are hard (AC +9).
Your body does not fit into most forms of armour.
Your wings are large and strong.
You are resistant to electric shocks.
You are cold-blooded and may be slowed by cold attacks.
Your natural rate of healing is unusually fast.
You are robust (+10% HP).
You are weak. (Str -2)


Message History

The merfolk impaler hits you from afar with a trident of holy wrath!
* * * LOW HITPOINT WARNING * * *
The merfolk throws a tomahawk.
The tomahawk is repelled.
You hear a splash.
The alligator snapping turtle bites you from afar!!
* * * LOW HITPOINT WARNING * * *
Read which item? (? for menu, Esc to quit)
Blink to where?
Press: ? - help, Dir - move target cursor You are very lightly contaminated with residual magic.
As you read the scroll of blinking, it crumbles to dust.
Your surroundings suddenly seem different.
A kraken comes into view.
Drink which item? (? for menu, Esc to quit)
Okay, then.
Tentacles burst out of the water!
Casting: Conjure Ball Lightning
Confirm with . or Enter, or press ? or * to list all spells.
You blink.
The tentacle slaps you!!
You die...

≈≈
≈≈≈≈≈≈≈≈≈≈≈≈#
≈≈≈
≈≈≈≈≈≈≈≈≈≈≈≈#
≈≈≈
≈≈≈≈≈≈≈≈≈≈≈#
≈≈≈
≈≈≈≈≈≈≈≈≈≈§≈#
≈≈≈
≈≈≈≈≈≈≈wX≈≈≈≈#
≈≈
≈≈≈≈≈≈≈≈w≈≈≈≈#
≈≈
≈≈≈≈≈≈≈≈≈≈w≈≈#
≈≈
≈≈≈≈≈≈≈≈≈w≈≈≈≈#
≈
≈≈≈≈≈≈≈≈@≈≈≈≈≈#
.
≈≈≈≈≈≈≈≈≈≈≈≈≈≈#
#
≈≈≈≈≈≈≈≈≈≈≈≈≈#
≈≈≈≈≈≈≈≈≈≈≈≈≈#
≈≈≈≈≈≈≈≈≈≈≈≈≈#
≈≈≈≈≈≈≈≈≈≈≈≈#
≈≈≈≈≈≈≈≈≈≈≈
≈≈≈≈≈≈≈≈≈ ≈≈≈


You could see a kraken and 4 tentacles.

Vanquished Creatures
  A fire giant (D:15)
  2 orc warlords
  The ghost of karlm the Spear-Bearer, a powerful GrFi of Okawaru (Orc:3)
  Snorg (Lair:3)
  4 merfolk impalers (Shoals:3)
  The ghost of Tabbe the Eclecticist, a powerful DEWz of Vehumet (Lair:6)
  Fannar (D:12)
  4 vault guards (D:14)
  10 hydras
  2 merfolk aquamancers
  A merfolk avatar (Shoals:2)
  3 centaur warriors
  2 catoblepae
  A tengu warrior (D:12)
  19 death yaks
  Urug (Orc:2)
  3 orc high priests
  Erolcha (D:11)
  6 sea snakes
  An unseen horror (D:10)
  2 hill giants
  16 harpies (Shoals:1)
  7 orc knights
  4 cyclopes
  6 ugly things (D:14)
  8 orc sorcerers
  21 elephants
  4 griffons
  7 manticores
  3 water nymphs
  9 black mambas
  7 fauns
  An orange demon (Orc:4)
  5 sirens
  3 drowned souls (Shoals:2)
  A molten gargoyle (D:14)
  26 spiny frogs
  A torpor snail (Lair:3)
  7 komodo dragons
  2 ball lightnings
  A fire drake (Lair:7)
  A blue devil (Orc:4)
  2 fire vortices (D:14)
  7 trolls
  Sonja (D:12)
  22 merfolk
  3 giant leeches (Lair:8)
  3 snapping turtles
  A boulder beetle (Lair:7)
  A wind drake (shapeshifter) (D:13)
  2 two-headed ogres (D:15)
  3 wind drakes
  4 slime creatures (D:12)
  16 blink frogs
  4 deep elf magi
  2 basilisks (Lair:7)
  41 yaks
  3 spectral weapons
  A wyvern (D:14)
  9 water elementals
  4 shadows
  A hungry ghost (D:8)
  4 fire bats (D:14)
  A fire elemental (D:14)
  A steam dragon (Lair:4)
  2 wraiths
  A mottled dragon (D:14)
  A soldier ant (D:15)
  4 wargs (Orc:4)
  9 hippogriffs
  10 porcupines
  12 water moccasins
  9 vampire mosquitoes
  A hell hound (D:14)
  38 orc warriors
  2 phantoms
  4 sky beasts
  A black bear (Lair:4)
  2 wasps
  5 necrophages
  13 ogres
  18 crocodiles
  4 ice beasts
  34 giant frogs
  13 centaurs
  2 boring beetles (Lair:8)
  2 big kobolds (D:8)
  A water moccasin zombie (D:10)
  6 scorpions
  8 wights
  7 killer bees
  3 goliath beetles
  6 jellies
  7 crimson imps
  6 centaur zombies
  34 orc priests
  A wasp zombie (D:11)
  6 lava snakes (D:14)
  2 electric eels (Lair:8)
  11 hounds
  A giant frog zombie (D:9)
  4 centaur skeletons
  40 orc wizards
  7 iguanas
  A killer bee zombie (D:11)
  7 worker ants
  8 sheep (Lair:6)
  A mummy (D:12)
  2 hound zombies (D:8)
  3 worker ant zombies (D:11)
  3 gnolls (D:10)
  38 adders
  2 shadow imps
  11 river rats
  A giant mite (D:4)
  3 worms
  An adder zombie (D:7)
  3 adder skeletons
  6 giant geckos
  6 oozes
  148 orcs
  5 giant cockroaches
  20 hobgoblins
  14 jackals
  25 kobolds
  9 ball pythons
  19 bats
  7 giant newts
  4 giant spores
  16 goblins
  17 quokkas
  3 quokka skeletons
  40 rats
  10 ballistomycetes
  4 fungi
  8 plants
1125 creatures vanquished.

Vanquished Creatures (collateral kills)
  A hill giant (D:11)
  8 ball lightnings
  A hungry ghost (D:8)
  2 orc warriors
  A sky beast (D:5)
  A centaur (D:8)
  A phantom (D:4)
  A big kobold (D:9)
  3 giant frogs
  A quasit (D:9)
  Jessica (D:2)
  3 adders
  5 orcs
  A hobgoblin (D:8)
  A jackal (D:4)
  2 kobolds
  A goblin (Orc:3)
34 creatures vanquished.

Vanquished Creatures (others)
  An unseen horror (D:14)
  2 drowned souls (Shoals:2)
  190 ball lightnings
  A fire vortex (D:14)
  19 spectral weapons
  19 crimson imps
  A jelly (D:11)
  6 iron imps
  An orc wizard (Orc:4)
  5 shadow imps
  10 white imps
  6 fungi
  9 plants
  19 tentacle segments (Shoals:3)
289 creatures vanquished.

Grand Total: 1448 creatures vanquished

Notes
Turn   | Place    | Note
--------------------------------------------------------------
     0 | D:1      | xeno23, the Draconian Wizard, began the quest for the Orb.
     0 | D:1      | Reached XP level 1. HP: 14/14 MP: 4/4
   318 | D:1      | Reached XP level 2. HP: 17/22 MP: 6/6
   328 | D:1      | Found an iron altar of Okawaru.
   628 | D:2      | Learned a level 2 spell: Blink
   631 | D:2      | Learned a level 2 spell: Call Imp
   634 | D:2      | Learned a level 2 spell: Repel Missiles
   654 | D:2      | Noticed Jessica
   664 | D:2      | Killed Jessica
   664 | D:2      | Reached skill level 1 in Fighting
   709 | D:2      | Reached XP level 3. HP: 14/28 MP: 8/8
   999 | D:2      | Reached XP level 4. HP: 25/35 MP: 7/9
  1388 | D:3      | Reached skill level 1 in Air Magic
  1418 | D:3      | Found a glowing drain.
  1492 | Sewer    | Entered a sewer
  1584 | Sewer    | Reached XP level 5. HP: 33/41 MP: 1/11
  1593 | Sewer    | Learned a level 3 spell: Conjure Flame
  1645 | Sewer    | Reached skill level 1 in Charms
  2302 | Sewer    | Noticed a giant frog
  2303 | Sewer    | Noticed a giant frog
  2313 | Sewer    | HP: 2/41 [giant frog (3)]
  2325 | Sewer    | Killed a giant frog
  2325 | Sewer    | Reached XP level 6. HP: 5/50 MP: 0/13
  2329 | Sewer    | Killed a giant frog
  2672 | D:3      | Found a deep blue altar of Sif Muna.
  3345 | D:3      | Reached skill level 1 in Fire Magic
  3614 | D:4      | Your scales start taking on a glossy black colour.
  3614 | D:4      | Gained mutation: You are resistant to electric shocks. [draconian maturity]
  3614 | D:4      | Reached XP level 7. HP: 45/56 MP: 9/15
  3806 | D:4      | Found a shimmering altar of Xom.
  4199 | D:4      | Got a pitted sapphire amulet
  4203 | D:4      | Identified an amulet of Blumew {rCorr rC+} (You found it on level 4 of the Dungeon)
  4473 | D:4      | Learned a level 3 spell: Mephitic Cloud
  4682 | D:5      | Entered Level 5 of the Dungeon
  4905 | D:5      | Found a shadowy altar of Dithmenos.
  5373 | D:6      | Reached skill level 4 in Conjurations
  5397 | D:6      | Reached XP level 8. HP: 49/63 MP: 9/18
  5427 | D:6      | Paralysed by a goblin for 6 turns
  5627 | D:6      | Found an ancient bone altar of Kikubaaqudgha.
  5690 | D:6      | Found a burning altar of Makhleb.
  5880 | D:6      | Found a staircase to the Ecumenical Temple.
  5913 | Temple   | Entered the Ecumenical Temple
  5921 | Temple   | Became a worshipper of Vehumet
  6250 | D:7      | Found Yleydghes' Antique Weapon Shoppe.
  6260 | D:7      | Found Qussapta's Jewellery Shop.
  6443 | D:7      | Reached skill level 5 in Air Magic
  6765 | D:7      | Found Daysaoz's Gadget Shop.
  7028 | D:7      | Found a stormy altar of Qazlal.
  7451 | D:7      | Found Stonoosh's Book Boutique.
  7465 | D:7      | Found Pechoun's Food Emporium.
  7591 | D:8      | Reached skill level 5 in Conjurations
  7593 | D:8      | Reached skill level 6 in Air Magic
  7682 | D:8      | Reached skill level 5 in Spellcasting
  7763 | D:8      | Acquired Vehumet's first power
  7763 | D:8      | Offered knowledge of Freeze by Vehumet.
  7763 | D:8      | Reached XP level 9. HP: 59/72 MP: 19/21
  8401 | D:8      | Reached skill level 7 in Air Magic
  8436 | D:8      | Reached skill level 5 in Fighting
  8953 | D:9      | Found Twuqeik's Distillery.
  8962 | D:9      | Bought a potion of brilliance for 48 gold pieces
  8962 | D:9      | Bought a potion of curing for 36 gold pieces
  9018 | D:9      | Offered knowledge of Shock by Vehumet.
  9190 | D:9      | Reached skill level 8 in Air Magic
  9190 | D:9      | Reached XP level 10. HP: 36/81 MP: 18/24
  9614 | D:9      | Found a staircase to the Orcish Mines.
  9839 | D:9      | Offered knowledge of Throw Flame by Vehumet.
 10124 | Orc:1    | Entered Level 1 of the Orcish Mines
 10142 | Orc:1    | Reached skill level 1 in Polearms
 10322 | Orc:2    | Acquired Vehumet's second power
 10455 | Orc:2    | Noticed an orc sorcerer
 10469 | Orc:2    | Killed an orc sorcerer
 10475 | Orc:2    | Noticed Urug
 10501 | Orc:2    | Killed Urug
 11070 | Orc:1    | Reached skill level 5 in Dodging
 11070 | Orc:1    | Offered knowledge of Airstrike by Vehumet.
 11467 | Orc:3    | Noticed an orc warlord
 11789 | Orc:2    | Acquired Vehumet's third power
 11871 | Orc:2    | Learned a level 4 spell: Airstrike
 12449 | D:10     | Entered Level 10 of the Dungeon
 12566 | D:10     | Offered knowledge of Bolt of Magma by Vehumet.
 12693 | D:10     | Killed an unseen horror
 13080 | D:10     | Noticed a hill giant
 13089 | D:10     | Killed a hill giant
 13089 | D:10     | Reached XP level 11. HP: 47/91 MP: 20/27
 13161 | D:10     | Found Wittuipt's Magic Scroll Shoppe.
 13164 | D:10     | Found a deep blue altar of Sif Muna.
 13202 | D:10     | Bought a scroll of amnesia for 56 gold pieces
 13202 | D:10     | Bought a scroll of identify for 32 gold pieces
 13867 | D:11     | Reached skill level 9 in Air Magic
 13905 | D:11     | Noticed Erolcha
 13920 | D:11     | Noticed a hill giant
 13923 | D:11     | Killed Erolcha
 14366 | D:11     | Found a staircase to the Lair.
 14409 | D:11     | Reached skill level 5 in Polearms
 14550 | D:11     | Killed a hill giant
 14641 | D:11     | Noticed a hill giant
 14653 | D:11     | Killed a hill giant
 15395 | D:7      | Bought a book of Battle for 480 gold pieces
 15399 | D:7      | Learned a level 3 spell: Regeneration
 15403 | D:7      | Learned a level 3 spell: Spectral Weapon
 15534 | Lair:1   | Entered Level 1 of the Lair of Beasts
 15690 | Lair:1   | Offered knowledge of Sticky Flame by Vehumet.
 15733 | Lair:2   | Reached skill level 1 in Hexes
 16030 | Lair:2   | Upgraded the game from 0.17-a0-155-g14e20c2 to 0.17-a0-186-g8d083fd
 16257 | Lair:2   | Reached skill level 1 in Necromancy
 16257 | Lair:2   | Reached skill level 10 in Air Magic
 16539 | Lair:2   | Reached XP level 12. HP: 58/102 MP: 16/29
 16566 | Lair:2   | HP: 5/103 [poisoned by a spiny frog]
 16572 | Lair:2   | HP: 4/103 [poisoned by a spiny frog]
 16578 | Lair:2   | HP: 3/103 [poisoned by a spiny frog]
 16586 | Lair:2   | HP: 4/103 [poisoned by a spiny frog]
 17135 | Lair:2   | Noticed a five-headed hydra
 17158 | Lair:2   | Killed a five-headed hydra
 17699 | Lair:2   | Found a shadowy altar of Dithmenos.
 17965 | Lair:2   | Noticed a five-headed hydra
 17973 | Lair:2   | Killed a five-headed hydra
 19428 | D:7      | Bought a glowing triple sword for 350 gold pieces
 19487 | D:7      | Bought a book of Air for 420 gold pieces
 19494 | D:7      | Learned a level 5 spell: Lightning Bolt
 20218 | Lair:3   | Found a staircase to the Snake Pit.
 20219 | Lair:3   | Noticed Snorg
 20238 | Lair:3   | Killed Snorg
 20619 | Lair:3   | Noticed an eight-headed hydra
 20643 | Lair:3   | Killed an eight-headed hydra
 21360 | Lair:4   | Noticed a catoblepas
 21378 | Lair:3   | Killed a catoblepas
 21594 | Lair:4   | Reached XP level 13. HP: 110/112 MP: 22/31
 21767 | D:11     | Learned a level 4 spell: Sticky Flame
 22028 | Lair:4   | Found a staircase to the Shoals.
 22168 | Lair:4   | Reached skill level 10 in Spellcasting
 22500 | Lair:4   | Reached skill level 10 in Fighting
 23206 | Lair:4   | Noticed a seven-headed hydra
 23213 | Lair:4   | Killed a seven-headed hydra
 23424 | Lair:5   | Offered knowledge of Bolt of Cold by Vehumet.
 23754 | Lair:5   | Reached skill level 11 in Air Magic
 24237 | Lair:6   | Noticed Tabbe's ghost (powerful DEWz)
 24669 | Lair:6   | Killed Tabbe's ghost
 25466 | Lair:6   | Identified a scroll of acquirement
 25467 | Lair:6   | Got a pair of encrusted boots
 25473 | Lair:6   | Identified the +0 pair of boots of the Salamander {Str+7 Slay-3} (You acquired it on level 6 of the Lair of Beasts)
 25979 | Lair:7   | HP: 4/116 [spiny frog (11)]
 26281 | Lair:7   | Gained mutation: Your wings are large and strong. [draconian growth]
 26281 | Lair:7   | Reached XP level 14. HP: 91/124 MP: 22/32
 27259 | Lair:7   | Reached skill level 12 in Air Magic
 28054 | Lair:8   | Entered Level 8 of the Lair of Beasts
 28405 | Lair:8   | Found a runed door.
 28405 | Lair:8   | Found a viscous altar of Jiyva.
 28406 | Lair:8   | Found a staircase to the Slime Pits.
 28459 | Lair:8   | Offered knowledge of Conjure Ball Lightning by Vehumet.
 28463 | Lair:8   | Reached skill level 10 in Polearms
 29396 | Lair:8   | Reached skill level 10 in Dodging
 29719 | Lair:8   | Gained mutation: Space occasionally distorts in your vicinity. [potion of mutation]
 29719 | Lair:8   | Gained mutation: Space sometimes distorts in your vicinity. [potion of mutation]
 29720 | Lair:8   | Lost mutation: Space sometimes distorts in your vicinity. [potion of cure mutation]
 29720 | Lair:8   | Lost mutation: Space occasionally distorts in your vicinity. [potion of cure mutation]
 30513 | D:11     | Gained mutation: You are weak. (Str -2) [potion of mutation]
 30513 | D:11     | Gained mutation: You are robust (+10% HP). [potion of mutation]
 30513 | D:11     | Gained mutation: Your natural rate of healing is unusually fast. [potion of mutation]
 30531 | D:11     | Learned a level 6 spell: Conjure Ball Lightning
 30727 | Orc:2    | Noticed an orc knight
 30731 | Orc:2    | Killed an orc knight
 30745 | Orc:2    | Offered knowledge of Freezing Cloud by Vehumet.
 30929 | Orc:3    | Killed an orc warlord
 31074 | Orc:3    | Noticed an orc knight
 31105 | Orc:3    | Noticed an orc knight
 31126 | Orc:3    | Killed an orc knight
 31126 | Orc:3    | Reached skill level 13 in Air Magic
 31175 | Orc:3    | Killed an orc knight
 31175 | Orc:3    | Reached XP level 15. HP: 47/145 MP: 4/34
 31347 | Orc:3    | Noticed an orc sorcerer
 31351 | Orc:3    | Killed an orc sorcerer
 31412 | Orc:3    | Noticed an orc high priest
 31413 | Orc:3    | Found a roughly hewn altar of Beogh.
 31418 | Orc:3    | Killed an orc high priest
 31467 | Orc:3    | Noticed karlm's ghost (powerful GrFi)
 31503 | Orc:3    | Killed karlm's ghost
 31670 | Orc:4    | Entered Level 4 of the Orcish Mines
 31987 | Orc:4    | Found Owauq's Magic Scroll Shop.
 32183 | Orc:4    | Found Ytial's Assorted Antiques.
 32326 | Orc:4    | Found Iheusaza's Magic Scroll Emporium.
 32328 | Orc:4    | Found Edosez Riuc's Jewellery Emporium.
 32331 | Orc:4    | Found Kushuita's Assorted Antiques.
 32443 | Orc:4    | Found a staircase to the Elven Halls.
 32477 | Orc:4    | Offered knowledge of Bolt of Fire by Vehumet.
 33164 | Orc:4    | Bought a scroll of identify for 22 gold pieces
 33164 | Orc:4    | Bought a scroll of identify for 22 gold pieces
 33164 | Orc:4    | Bought a scroll of amnesia for 38 gold pieces
 33164 | Orc:4    | Bought a scroll of identify for 22 gold pieces
 33218 | Orc:4    | Bought a glowing glaive for 221 gold pieces
 33222 | Orc:4    | Bought the ring "Qiasuos" {rF+ MR+ Str+2 Int+3 Dex+3} for 687 gold pieces
 33710 | D:12     | Noticed Fannar
 33750 | D:12     | Killed Fannar
 33785 | D:12     | Noticed Sonja
 33786 | D:12     | Killed Sonja
 35003 | D:14     | Found a gate to the Vaults.
 35011 | D:14     | Offered knowledge of Spellforged Servitor by Vehumet.
 35037 | D:14     | Reached skill level 14 in Air Magic
 35084 | D:14     | Found a white marble altar of Elyvilon.
 36009 | D:15     | Entered Level 15 of the Dungeon
 36273 | D:15     | Found a staircase to the Depths.
 36619 | D:15     | Offered knowledge of Poison Arrow by Vehumet.
 36728 | D:15     | Found a glowing golden altar of the Shining One.
 36987 | D:13     | Reached XP level 16. HP: 132/155 MP: 23/36
 37170 | Shoals:1 | Entered Level 1 of the Shoals
 38294 | Shoals:1 | Reached skill level 10 in Conjurations
 39822 | Shoals:3 | Reached skill level 15 in Air Magic
 40021 | Shoals:3 | Slain by a tentacle

Action                   |  1- 3 |  4- 6 |  7- 9 | 10-12 | 13-15 | 16-18 || total
-------------------------+-------+-------+-------+-------+-------+-------++-------
Melee: Spear             |    85 |   444 |   191 |       |       |       ||   720
       Short sword       |     6 |       |       |       |       |       ||     6
       Trident           |       |       |   564 |   842 |   785 |    18 ||  2209
       Glaive            |       |       |       |       |   327 |   151 ||   478
Throw: Javelin           |       |       |       |     3 |     1 |     2 ||     6
 Cast: Magic Dart        |    18 |    66 |    66 |   116 |    59 |    12 ||   337
       Call Imp          |     1 |     3 |    22 |    69 |       |       ||    95
       Repel Missiles    |     1 |       |     2 |     4 |     9 |     1 ||    17
       Conjure Flame     |       |     5 |    21 |    48 |    30 |       ||   104
       Blink             |       |     1 |     6 |    26 |    23 |    28 ||    84
       Mephitic Cloud    |       |       |     6 |    47 |    26 |     7 ||    86
       Airstrike         |       |       |       |    86 |   155 |    22 ||   263
       Spectral Weapon   |       |       |       |    22 |    30 |    19 ||    71
       Regeneration      |       |       |       |     6 |    61 |    28 ||    95
       Lightning Bolt    |       |       |       |     9 |   105 |    27 ||   141
       Sticky Flame      |       |       |       |       |    40 |    10 ||    50
       Conjure Ball Ligh |       |       |       |       |    57 |    31 ||    88
 Abil: Breathe Lightning |       |       |     3 |     7 |    30 |     8 ||    48
       Fly               |       |       |       |       |     1 |       ||     1
Evoke: Wand              |       |       |       |     1 |     3 |       ||     4
  Use: Scroll            |       |     9 |     6 |    16 |    14 |     6 ||    51
       Potion            |       |     1 |       |       |     7 |     1 ||     9
 Stab: Sleeping          |       |     3 |     5 |     3 |     4 |       ||    15
       Distracted        |       |     1 |       |     3 |     3 |       ||     7
       Confused          |       |       |     3 |     6 |     2 |     1 ||    12
  Eat: Chunk             |       |    10 |    17 |    37 |    62 |     9 ||   135
       Beef jerky        |       |       |     2 |     4 |     7 |     1 ||    14
       Meat ration       |       |       |     1 |       |       |       ||     1
       Fruit             |       |       |       |     2 |     4 |     1 ||     7
       Royal jelly       |       |       |       |     1 |       |     1 ||     2
       Bread ration      |       |       |       |       |     1 |     1 ||     2
       Pizza             |       |       |       |       |     1 |     1 ||     2
